AoeStats
← Dikkebierbuik

Nomad

506887930Analyzed
3v3 RM · 16d ago on Sep 15, 2026· 45m 45s· 6 players
Game mode
Random Map
Map size
210×210
Population
200
Speed
Normal
Resources
Standard
Victory
Conquest
Starting age
Dark Age
Ending age
Imperial Age
RankedLock teamsTeams togetherTeam positionsShared explorationLock speedFull tech treeHidden civsTurbo modeCheats
Victory
Defeat
🇪🇸 Aztecs · Spain
893
+13
🇪🇸 Bohemians · Spain
870
+14
🇫🇷 Burgundians · France
866
+14
🇳🇱 Tatars · Netherlands
853
-14
🇳🇱 Burgundians · Netherlands
847
-14
🇳🇱 Teutons · Netherlands
796
-13
Xswan8
13:43 Feudal Age
12:36 Double-Bit Axe
13:47 Fishing Lines
16:10 Gillnets
20:13 Horse Collar
24:25 Castle Age
22:41 Padded Archer Armor
22:51 Stone Mining
22:52 Gold Mining
23:17 Bow Saw
25:16 Wheelbarrow
24:54 Fletching
25:13 Scale Barding Armor
25:22 Husbandry
24:43 Cavalier
25:49 Bodkin Arrow
jj.moreno.minas
17:20 Feudal Age
18:02 Gold Mining
18:35 Double-Bit Axe
21:43 Castle Age
20:56 Stone Mining
21:00 Gold Mining
21:43 Fishing Lines
22:32 Squires
22:18 Arson
22:47 Forging
22:38 Scale Mail Armor
22:42 Gillnets
25:58 Chain Mail Armor
26:23 Iron Casting
26:38 Gold Shaft Mining
27:46 Loom
33:07 Imperial Age
35:00 Garland Wars
35:40 Elite Jaguar Warrior
42:01 Blast Furnace
Karlos
17:18 Feudal Age
18:49 Double-Bit Axe
21:58 Castle Age
23:52 Bow Saw
24:55 Medium Warships
24:48 Padded Archer Armor
24:39 Fletching
29:43 Leather Archer Armor
29:23 Bodkin Arrow
29:30 Scale Mail Armor
32:38 Ballistics
33:23 Chemistry
36:34 Imperial Age
34:28 Forging
36:48 Iron Casting
36:29 Chain Mail Armor
37:31 Pikeman
39:36 Halberdier
44:20 Two-Man Saw
46:22 Chain Mail Armor
46:42 Iron Casting
Dikkebierbuik
16:44 Loom
18:30 Feudal Age
19:34 Double-Bit Axe
19:32 Horse Collar
19:46 Stone Mining
19:47 Gold Mining
23:25 Castle Age
22:04 Wheelbarrow
21:15 Town Watch
29:36 Scale Barding Armor
31:36 Hand Cart
31:51 Forging
31:53 Heavy Plow
38:58 Imperial Age
38:10 Bow Saw
39:30 Iron Casting
39:22 Silk Armor
39:48 Chain Barding Armor
39:56 Elite Keshik
42:05 Blast Furnace
YTxTrippie20
4:26 Loom
17:28 Feudal Age
25:20 Castle Age
24:43 Bloodlines
24:47 Forging
26:22 Wheelbarrow
25:53 Horse Collar
27:35 Scale Barding Armor
31:04 Chain Barding Armor
34:26 Hand Cart
34:40 Double-Bit Axe
38:00 Imperial Age
38:21 Scale Mail Armor
42:20 Cavalier
Steem0597
4:09 Loom
16:14 Feudal Age
15:39 Double-Bit Axe
22:47 Castle Age
21:01 Horse Collar
21:49 Gold Mining
24:02 Wheelbarrow
22:54 Cavalier
23:40 Husbandry
30:42 Town Watch
31:53 Hand Cart
37:09 Heavy Plow
37:47 Gold Shaft Mining
37:03 Stone Mining
37:35 Bow Saw
Connection lost

Rejoining the realm…

Still unreachable

The connection could not be restored.

Session expired

The server has moved on; the page needs a fresh start.